 Dungeon Crawl Stone Soup version 0.30-a0-1103-g25895a7845 (webtiles) character file.

Game seed: 11066182213686196387

253 jimonade the Magician (level 6, -2/40 HPs)
             Began as a Djinni Fire Elementalist on Apr 19, 2023.
             Slain by an iron imp (4 damage)
             ... on level 4 of the Dungeon.
             The game lasted 00:06:17 (2941 turns).

jimonade the Magician (Djinni Fire Elementalist)    Turns: 2941, Time: 00:06:17

Health: -2/40      AC:  3    Str:  9    XL:     6   Next: 37%
Gold:   172        EV: 12    Int: 16    God:
                   SH:  0    Dex: 14

rFire   + + .      SeeInvis .    i - +0 trident
rCold   x . .      Faith    .    (no shield)
rNeg    . . .      Spirit   .    a - +0 robe
rPois   ∞          Reflect  .    (no helmet)
rElec   .          Rampage  .    (no cloak)
rCorr   .                        n - +0 pair of gloves
Will    .....                    (boots unavailable)
Stlth   ++                       (no amulet)
HPRegen 0.26/turn                (no ring)
MPRegen 0.00/turn                (no ring)

@: flying
A: sickness immunity, fire resistance 2, cold vulnerability 1, float, innate
caster, HP casting, extra vitality 1
a: no special abilities


You were on level 4 of the Dungeon.
You visited 1 branch of the dungeon, and saw 4 of its levels.

You collected 172 gold pieces.

Inventory:

Hand Weapons
 i - a +0 trident (weapon)
 z - a +0 sling
Missiles
 f - 5 poisoned darts
Armour
 a - a +0 robe (worn)
 c - a +0 ring mail
 e - a +0 plate armour of cold resistance
 g - a +0 chain mail
 k - a +3 leather armour
 n - a +0 pair of gloves (worn)
Magical Staves
 A - a staff of death
Jewellery
 y - a ring of wizardry
Wands
 s - a wand of charming (10)
Scrolls
 j - 2 scrolls of fear {unknown}
 r - 2 scrolls of identify {unknown}
 u - a scroll of torment {unknown}
 v - a scroll of vulnerability {unknown}
 w - a scroll of blinking {unknown}
 B - a scroll of magic mapping {unknown}
Potions
 b - 3 potions of flight {unknown}
 d - a potion of cancellation {unknown}
 h - 3 potions of haste
 l - 2 potions of mutation {unknown}
 m - a potion of magic {unknown}
 o - a potion of resistance {unknown}
 p - 2 potions of brilliance {unknown}
 q - a potion of attraction {unknown}
 t - 2 potions of curing {unknown}
 x - 2 potions of degeneration {unknown}


   Skills:
 - Level 2.1 Dodging
 - Level 1.5 Stealth
 + Level 5.1 Spellcasting


You knew the following spells:

 Your Spells              Type           Power      Damage    Failure   Level
a - Foxfire               Conj/Fire      80%        2x1d8     1%          1
b - Scorch                Fire           40%        2d6       2%          2
c - Volatile Blastmotes   Fire/Tloc      40%        2d13      5%          3
d - Inner Flame           Hex/Fire       20%        N/A       5%          3
e - Flame Wave            Conj/Fire      20%        2d7       19%         4
f - Sandblast             Erth           40%        2d10      1%          1
g - Wereblood             Tmut           20%        N/A       2%          2
Your spell library was empty.

Dungeon Overview and Level Annotations

Branches:
Dungeon (4/15)
 Temple: D:4-7

Altars:
Cheibriados
Dithmenos
Xom

Annotations:
D:3 3 runed translucent doors, retardedninja's ghost, weakling GnFE


Innate Abilities, Weirdness & Mutations

You are immune to sickness and miasma.
You are immune to poison.
Your flesh is very heat resistant. (rF++)
You are vulnerable to cold. (rC-)
You float through the air rather than walking.
You learn spells naturally, not from books.
Your magical power is your life essence.
You have superior vitality. (+4 MHP)


Message History

Press: ? - help, Dir - move target, f/p - iron imp
Aim: an iron imp (chance to affect: 81%)
The iron imp is filled with an inner flame.
Casting: Inner Flame (dangerous; 5% risk of failure)
Confirm with . or Enter, or press ? or * to list all spells.
Flames lash the iron imp.
The iron imp completely resists.
The iron imp misses you.
Casting: Scorch (safe; 2% risk of failure)
Confirm with . or Enter, or press ? or * to list all spells.
Flames lash the iron imp.
The iron imp completely resists.
The iron imp hits you but does no damage.
Casting: Scorch (safe; 2% risk of failure)
Confirm with . or Enter, or press ? or * to list all spells.
Flames lash the iron imp.
The iron imp completely resists.
The iron imp barely misses you.
You hit the iron imp but do no damage.
You punch the iron imp, but do no damage.
The iron imp closely misses you.
You barely miss the iron imp. The iron imp hits you!
* * * LOW HITPOINT WARNING * * *
You hit the iron imp.
Flame seeps out of the iron imp.
The iron imp is lightly wounded.
The iron imp barely misses you.
You closely miss the iron imp.
The iron imp is lightly wounded.
The iron imp closely misses you.
You closely miss the iron imp.
The iron imp is lightly wounded.
The iron imp closely misses you.
You closely miss the iron imp.
The iron imp is lightly wounded.
The iron imp barely misses you.
You hit the iron imp but do no damage.
The iron imp is lightly wounded.
The iron imp hits you!
* * * LOW HITPOINT WARNING * * *
You closely miss the iron imp.
The iron imp is lightly wounded.
The iron imp hits you.
You die...

#...........#
#...........##
......_......#
#............#
#............#
.###.....###.#
####...5.###.#
####...@.###.#
(............#
##.####...####
#..## #..#
#..# #..#
#######
#..###.....##
#...#..###..#


You could see an iron imp (inner flame).

Vanquished Creatures
  A water moccasin (D:3)
  Jessica (D:3)
  3 gnolls (D:4)
  2 adders (D:2)
  A worm (D:2)
  2 dart slugs (D:1)
  3 orcs
  5 ball pythons
  10 endoplasms
  2 giant cockroaches
  6 goblins
  5 hobgoblins
  6 jackals
  3 kobolds
  A quokka (D:2)
  6 bats
  5 rats
62 creatures vanquished.

Vanquished Creatures (others)
  133 foxfires
133 creatures vanquished.

Grand Total: 195 creatures vanquished

Notes
Turn   | Place    | Note
-------+----------+-------------------------------------------
     0 | D:1      | jimonade the Djinni Fire Elementalist began the quest for
                  | the Orb.
     0 | D:1      | jimonade set off with the following spells memorised:
                  | Foxfire, Scorch, Volatile Blastmotes, Inner Flame, Flame
                  | Wave.
     0 | D:1      | Reached XP level 1. HP: 15/15 MP: 0/0
    60 | D:1      | Reached XP level 2. HP: 17/21 MP: 0/0
   421 | D:1      | Reached skill level 3 in Spellcasting
   521 | D:1      | Reached XP level 3. HP: 17/25 MP: 0/0
   521 | D:1      | Learned a level 1 spell: Sandblast
  1277 | D:2      | Reached XP level 4. HP: 27/31 MP: 0/0
  1337 | D:2      | Found a shadowy altar of Dithmenos.
  1811 | D:3      | Noticed Jessica
  1816 | D:3      | Killed Jessica
  1817 | D:3      | Reached skill level 4 in Spellcasting
  1888 | D:3      | Reached XP level 5. HP: 25/35 MP: 0/0
  1888 | D:3      | Learned a level 2 spell: Wereblood
  1960 | D:3      | Found a shimmering altar of Xom.
  2171 | D:3      | Found a faded altar of an unknown god.
  2405 | D:3      | Noticed a water moccasin
  2412 | D:3      | Killed a water moccasin
  2413 | D:3      | Reached XP level 6. HP: 32/40 MP: 0/0
  2545 | D:3      | Found a runed translucent gate.
  2546 | D:3      | Found a runed translucent gate.
  2547 | D:3      | Found a runed translucent gate.
  2555 | D:3      | Noticed retardedninja's ghost (weakling GnFE)
  2761 | D:4      | Reached skill level 5 in Spellcasting
  2920 | D:4      | Found a snail-covered altar of Cheibriados.
  2940 | D:4      | HP: 2/40 [iron imp (8)]
  2941 | D:4      | Slain by an iron imp

Illustrated notes

Levels and vault maps discovered:
D:1:      dpeg_arrival_subterranean_lakeside_camping, layout_basic,
          chequers_avenue
D:2:      layout_loops_cross, basic_altar, hangedman_abyss_or_decor_stabs
D:3:      layout_loops_corners, mainiacjoe_overflow_catwalk,
          gammafunk_ghost_necromancy, dreamdust_ecumenical_altar_grove,
          uniq_jessica
D:4:      layout_loops_ring, slow_altar_1, marbit_many_paths, temple_fountains,
          serial_shops, shop, gammafunk_ghost_cemetery, minmay_ruptured

Skill      XL: |  1  2  3  4  5  6 |
---------------+-------------------+-----
Spellcasting   | 3 4 5 |  5.1
Dodging        | |  2.1
Stealth        | |  1.5

Action                     |  1- 3 |  4- 6 || total
---------------------------+-------+-------++-------
  Melee: Unarmed           |     1 |       ||     1
         Trident           |       |     8 ||     8
         Punch             |       |     1 ||     1
   Cast: Foxfire           |    61 |    27 ||    88
         Scorch            |     5 |    33 ||    38
         Sandblast         |       |     2 ||     2
         Inner Flame       |       |     1 ||     1
 Armour: Robe              |     3 |     4 ||     7
  Dodge: Dodged            |     7 |    19 ||    26

Table legend: (Time is in decaauts)
 A = Elapsed time spent in this place.
 B = Non-inter-level travel time spent in this place.
 C = Inter-level travel time spent in this place.
 D = Time resting spent in this place.
 E = Time spent auto-exploring this place.
 F = Levels seen in this place.
 G = Mean time per level.
                   A        B        C        D        E       F      G
               +--------+--------+--------+--------+--------+-----+--------+
         Total |   2942 |   2841 |    101 |      0 |   2296 |   4 |  735.5 |
       Dungeon |   2942 |   2841 |    101 |      0 |   2296 |   4 |  735.5 |
               +--------+--------+--------+--------+--------+-----+--------+

Top non-repeatable levels by time:
     D:1: 1066 daAuts
     D:3: 974 daAuts
     D:2: 712 daAuts
     D:4: 188 daAuts
